 Dungeon Crawl Stone Soup version 0.21.0-3-g78d12a8 (console) character file.

117 removed the Cudgeler (level 5, -1/31 HPs)
             Began as a Halfling Fire Elementalist on Jan 9, 2018.
             Slain by BABULAY's ghost (14 damage)
             ... on level 3 of the Dungeon.
             The game lasted 00:04:02 (2236 turns).

removed the Cudgeler (Halfling Fire Elementalist)   Turns: 2236, Time: 00:04:03

Health: -1/31      AC:  4    Str:  9    XL:     5   Next: 22%
Magic:  7/7        EV: 15    Int: 13    God:
Gold:   139        SH:  0    Dex: 16    Spells: 6/7 levels left

rFire    . . .     SeeInvis .   a - +2 whip (elec)
rCold    . . .     Gourm    .   (shield restricted)
rNeg     . . .     Faith    .   m - +0 robe (curse)
rPois    .         Spirit   .   (no helmet)
rElec    .         Reflect  .   (no cloak)
rCorr    .         Harm     .   s - +0 pair of gloves
MR       +....                  k - +0 pair of boots
Stlth    ++........             (no amulet)
HPRegen  0.10/turn              r - ring of protection from magic
MPRegen  0.10/turn              (no ring)

@: no status effects
A: small, mutation resistance 1
a: no special abilities


You were on level 3 of the Dungeon.
You were not hungry.

You visited 1 branch of the dungeon, and saw 3 of its levels.

You collected 139 gold pieces.

Inventory:

Hand Weapons
 a - a +2 whip of electrocution (weapon)
Armour
 d - a +0 robe
 k - a +0 pair of boots (worn)
 m - a cursed +0 robe (worn)
 p - a +0 ring mail
 s - a +0 pair of gloves (worn)
Jewellery
 r - a ring of protection from magic (left hand)
Scrolls
 e - 2 scrolls of enchant armour {unknown}
 f - 2 scrolls of teleportation {unknown}
 g - 2 scrolls of amnesia {unknown}
 i - 3 scrolls of identify {unknown}
 o - a scroll of remove curse {unknown}
 q - a scroll of noise {unknown}
Potions
 n - a potion of curing {unknown}
Books
 b - a book of Flames

   Spells                             Type                      Level
   a - Flame Tongue                   Conjuration/Fire             1
   b - Throw Flame                    Conjuration/Fire             2
   c - Conjure Flame                  Conjuration/Fire             3
   d - Inner Flame                    Hexes/Fire                   3
   e - Sticky Flame                   Conjuration/Fire             4
   f - Fireball                       Conjuration/Fire             5
Comestibles
 c - 3 rations


   Skills:
 + Level 4.0 Maces & Flails
 - Level 2.1 Dodging
 - Level 2.1 Stealth
 - Level 1.5 Spellcasting
 - Level 0.7 Conjurations
 - Level 3.0 Fire Magic


You had 6 spell levels left.
You knew the following spells:

 Your Spells              Type           Power        Failure   Level  Hunger
a - Flame Tongue          Conj/Fire      #....        12%         1    ##.....


Dungeon Overview and Level Annotations

Branches:
Dungeon (3/15)

Altars:

Annotations:
D:2 Sigmund
D:3 BABULAY's ghost, amateur MiGl


Innate Abilities, Weirdness & Mutations

You are small and have problems with some larger weapons.
You are somewhat resistant to further mutation.


Message History

BABULAY's ghost is moderately damaged.
BABULAY's ghost hits you.
You hit BABULAY's ghost but do no damage.
BABULAY's ghost is moderately damaged.
BABULAY's ghost hits you.
You hit BABULAY's ghost but do no damage.
BABULAY's ghost is moderately damaged.
BABULAY's ghost misses you.
You hit BABULAY's ghost but do no damage.
BABULAY's ghost is moderately damaged.
BABULAY's ghost completely misses you.
You hit BABULAY's ghost but do no damage.
BABULAY's ghost is moderately damaged.
BABULAY's ghost closely misses you.
You completely miss BABULAY's ghost.
BABULAY's ghost is moderately damaged.
BABULAY's ghost hits you!
You are too injured to fight recklessly!
BABULAY's ghost hits you!
You die...

### ..# ### #.# #.# #.# #.# #.#
########### #######.##
#.######...... #@# #.......(#
)...........####W###........#
............................#
######....#.####.###........#####
#....#......................
#....#.####.##.#..###..#.### ###
#†.......................... #.#
#......###..#..##.##...#.###
##.###......###..#......#...#.###


You could see BABULAY's ghost.

Vanquished Creatures
  An orc priest (D:3)
  2 adders (D:2)
  2 oozes
  A worm (D:2)
  A dart slug (D:1)
  2 leopard geckos
  5 giant cockroaches
  4 goblins
  7 hobgoblins
  3 jackals (D:2)
  5 kobolds
  2 quokkas
  2 ball pythons (D:1)
  6 bats
  7 frilled lizards
  6 rats
56 creatures vanquished.

Notes
Turn   | Place    | Note
-------+----------+-------------------------------------------
     0 | D:1      | removed the Halfling Fire Elementalist began the quest for the Orb.
     0 | D:1      | Reached XP level 1. HP: 11/11 MP: 3/3
   261 | D:1      | Reached skill level 1 in Maces & Flails
   319 | D:1      | Reached XP level 2. HP: 17/17 MP: 0/4
   697 | D:1      | Reached skill level 2 in Maces & Flails
   736 | D:1      | Reached XP level 3. HP: 21/21 MP: 3/5
  1462 | D:2      | Reached XP level 4. HP: 25/27 MP: 6/6
  1526 | D:2      | Reached skill level 3 in Maces & Flails
  1752 | D:2      | Noticed Sigmund
  2175 | D:3      | Noticed BABULAY's ghost (amateur MiGl)
  2192 | D:3      | Reached skill level 4 in Maces & Flails
  2192 | D:3      | Reached XP level 5. HP: 29/31 MP: 7/7
  2236 | D:3      | Slain by BABULAY's ghost

Skill      XL: |  1  2  3  4 |
---------------+-------------+-----
Maces & Flails | 1 2 4 |  4.0
Dodging        | |  2.1
Stealth        | |  2.1
Spellcasting   | |  1.5
Conjurations   | |  0.7
Fire Magic     | |  3.0

Action                   |  1- 3 |  4- 6 || total
-------------------------+-------+-------++-------
Melee: Whip              |    42 |    78 ||   120
 Cast: Flame Tongue      |    24 |     8 ||    32
 Stab: Sleeping          |     5 |     4 ||     9
  Eat: Chunk             |     2 |     3 ||     5
Armor: Robe              |    13 |     8 ||    21
Dodge: Dodged            |    26 |    56 ||    82
